 Dungeon Crawl Stone Soup version 0.27.1-3-gb3d3a73c9e (webtiles) character file.

Game seed: 7271648971495443439

395 MisterFreud the Skirmisher (level 6, -12/61 HPs)
             Began as a Minotaur Abyssal Knight on Oct 26, 2021.
             Was an Elder of Lugonu.
             Mangled by an ogre (25 damage)
             ... on level 5 of the Dungeon.
             The game lasted 00:03:33 (4803 turns).

MisterFreud the Skirmisher (MiAK)                   Turns: 4803, Time: 00:03:34

Health: -12/61     AC: 10    Str: 18    XL:     6   Next: 52%
Magic:  6/6        EV:  7    Int:  9    God:    Lugonu [****..]
Gold:   194        SH:  0    Dex: 10    Spells: 5/5 levels left

rFire    . . .     SeeInvis .   a - +1 falchion
rCold    . . .     Faith    .   (no shield)
rNeg     . . .     Spirit   .   l - +0 chain mail
rPois    .         Reflect  .   (helmet restricted)
rElec    .         Harm     .   t - +0 cloak
rCorr    .         Rampage  .   (no gloves)
Will     .....                  (no boots)
Stlth    ..........             (no amulet)
HPRegen  0.20/turn              (no ring)
MPRegen  0.10/turn              (no ring)

@: no status effects
A: horns 2, retaliatory headbutt
a: Renounce Religion, Depart the Abyss, Bend Space, Banish, Corrupt


You were on level 5 of the Dungeon.
You worshipped Lugonu.
Lugonu was greatly pleased with you.
You visited 1 branch of the dungeon, and saw 5 of its levels.
You visited the Abyss 1 time.

You collected 194 gold pieces.

Inventory:

Hand Weapons
 a - a +1 falchion (weapon)
 j - a +3 whip of holy wrath
Armour
 b - a +0 leather armour
 l - a +0 chain mail (worn)
 t - a +0 cloak (worn)
Wands
 s - a wand of digging (3)
 u - a wand of charming (11)
 w - a wand of polymorph (6)
Scrolls
 e - 2 scrolls of blinking {unknown}
 k - a scroll of acquirement {unknown}
 o - a scroll of noise {unknown}
 q - a scroll of enchant weapon {unknown}
 r - 4 scrolls of identify {unknown}
 x - a scroll of immolation {unknown}
Potions
 c - 3 potions of might {unknown}
 d - a potion of curing {unknown}
 f - 3 potions of haste {unknown}
 g - 2 potions of invisibility {unknown}
 h - a potion of attraction {unknown}
 i - 2 potions of heal wounds {unknown}
 m - a potion of resistance {unknown}
 n - a potion of flight {unknown}
 p - 2 potions of magic {unknown}
 v - 2 potions of brilliance {unknown}
 z - a potion of ambrosia {unknown}


   Skills:
 * Level 7.8 Fighting
 - Level 2.4 Long Blades
 + Level 4.7 Armour
 - Level 1.1 Dodging
 - Level 2.0 Invocations


You had 5 spell levels left.
You didn't know any spells.
Your spell library contained the following spells:

 Spells                   Type           Power      Damage    Failure   Level
 Slow                     Hex            0%         N/A       100%        2
 Confusing Touch          Hex            0%         N/A       100%        3
 Gell's Gravitas          Tloc           0%         N/A       100%        3
 Lesser Beckoning         Tloc           0%         N/A       100%        3
 Teleport Other           Tloc           0%         N/A       100%        3
 Summon Lightning Spire   Summ/Air       0%         N/A       100%        4
 Yara's Violent Unravell  Hex/Tmut       0%         3d3       100%        5
 Storm Form               Tmut/Air       0%         N/A       100%        7
 Maxwell's Capacitive Co  Air            0%         ∞         100%        8


Dungeon Overview and Level Annotations

Branches:
Dungeon (5/15)
 Temple: D:4-7

Altars:
Dithmenos
Gozag

Annotations:
D:3 2 transporters


Innate Abilities, Weirdness & Mutations

You have a pair of horns on your head.
You reflexively headbutt those who attack you in melee.


Message History

There are monsters nearby!
The ogre barely misses you.
The bullfrog zombie hits you but does no damage.
There is an open door here.
You closely miss the ogre.
The bullfrog zombie hits you but does no damage.
The ogre hits you with a +0 giant spiked club!
You hit the ogre.
The ogre is lightly wounded.
The bullfrog zombie hits you but does no damage.
The bullfrog zombie barely misses you.
You riposte.
You hit the bullfrog zombie but do no damage.
The ogre hits you with a +0 giant spiked club.
You slash the bullfrog zombie!
The bullfrog zombie is moderately damaged.
The bullfrog zombie barely misses you.
The bullfrog zombie hits you but does no damage.
You hit the bullfrog zombie. You headbutt the bullfrog zombie.
The bullfrog zombie is moderately damaged.
The bullfrog zombie hits you.
Your chain mail prevents you from hitting the bullfrog zombie.
The bullfrog zombie is moderately damaged.
The bullfrog zombie hits you.
You barely miss the ogre.
The ogre is lightly wounded.
You slash the ogre!
The ogre is heavily wounded.
The ogre hits you with a +0 giant spiked club.
You hit the ogre but do no damage.
The ogre is heavily wounded.
The ogre hits you with a +0 giant spiked club!!
* * * LOW HITPOINT WARNING * * *
You hit the ogre.
The ogre is heavily wounded.
The ogre hits you with a +0 giant spiked club.
* * * LOW HITPOINT WARNING * * *
You hit the ogre. Your headbutt misses the ogre.
The ogre is heavily wounded.
The ogre hits you with a +0 giant spiked club!!
You die...

###.##########.####
#.# #.# ##+#
##.####### #...#
#........# .....#
#..#####.# .(....#
##..#####.#
...!>..####......##.##
......ZO@............#
.......####..........#
......# ##.###.###.#
.....# ##..###.# #.#
#...# #......># #.#
##+# ##..##### #.#
#..# #.# #..#######.#
#..........#


You could see an ogre and a bullfrog zombie.

Vanquished Creatures
  An ogre (D:4)
  2 iguanas
  2 orc wizards
  Robin (D:2)
  5 adders
  5 worms
  4 dart slugs
  16 orcs
  5 ball pythons
  11 endoplasms
  3 giant cockroaches (D:1)
  14 goblins
  13 hobgoblins
  3 jackals (D:2)
  6 kobolds
  A quokka (D:2)
  3 bats
  6 frilled lizards
  7 rats
108 creatures vanquished.

Notes
Turn   | Place    | Note
-------+----------+-------------------------------------------
     0 | Abyss:1  | MisterFreud the Minotaur Abyssal Knight began the quest for
                  | the Orb.
     0 | Abyss:1  | Reached XP level 1. HP: 19/19 MP: 1/1
    12 | D:1      | Escaped the Abyss
    33 | D:1      | Reached skill level 4 in Fighting
    43 | D:1      | Reached XP level 2. HP: 17/27 MP: 2/2
   157 | D:1      | Found a faded altar of an unknown god.
   280 | D:1      | Reached ** piety under Lugonu
   657 | D:1      | Reached XP level 3. HP: 34/35 MP: 3/3
   719 | D:1      | Reached skill level 5 in Fighting
  1125 | D:2      | Noticed Robin
  1133 | D:2      | Killed Robin
  1429 | D:2      | Reached XP level 4. HP: 29/44 MP: 4/4
  2192 | D:2      | Reached skill level 6 in Fighting
  2420 | D:3      | Found a transporter.
  2435 | D:3      | Found a transporter.
  2600 | D:3      | Reached *** piety under Lugonu
  2675 | D:3      | Reached XP level 5. HP: 41/51 MP: 5/5
  3152 | D:3      | Found a shadowy altar of Dithmenos.
  3393 | D:4      | Found an opulent altar of Gozag.
  3405 | D:4      | Noticed an ogre
  3417 | D:4      | Killed an ogre
  3418 | D:4      | Reached skill level 7 in Fighting
  3418 | D:4      | Reached XP level 6. HP: 25/60 MP: 6/6
  4470 | D:5      | Entered Level 5 of the Dungeon
  4674 | D:5      | Reached **** piety under Lugonu
  4803 | D:5      | Mangled by an ogre

Illustrated notes

Levels and vault maps discovered:
D:1:      dpeg_arrival_orchard, layout_loops_ring,
          hellmonk_ecumenical_altar_arch_garden
D:2:      layout_loops_ring, serial_co_window_serial, co_window_paths_a,
          co_window_corner_a, co_window_cross_1, co_window_corner_a,
          co_window_corner_a, co_window_cross_1, co_window_paths_c,
          co_window_broadway_a, co_window_paths_c, co_window_of_opportunity_c,
          co_window_corner_b, glass_columns_c, glass_columns_a, glass_columns_a,
          glass_columns_a, glass_columns_c, uniq_robin
D:3:      gammafunk_wand_slinger, layout_loops_cross,
          mainiacjoe_overflow_surrounded_room
D:4:      layout_basic, grunt_gozag_statues
D:5:      layout_loops_corners, mainiacjoe_overflow_paths

Skill      XL: |  1  2  3  4  5 |
---------------+----------------+-----
Fighting       | 4 5 6 7 |  7.8
Invocations    | 2 |  2.0
Armour         | 3 4 |  4.7
Long Blades    | |  2.4
Dodging        | |  1.1

Action                   |  1- 3 |  4- 6 || total
-------------------------+-------+-------++-------
Melee: Falchion          |    99 |   182 ||   281
       Headbutt          |    14 |    27 ||    41
Armor: Leather armour    |    13 |       ||    13
       Chain mail        |    39 |    83 ||   122
Dodge: Dodged            |    61 |    66 ||   127
       Rpst.: Falchion   |     9 |    19 ||    28
